NCAA
UCLA BRUINS @ KANSAS STATE WILDCATS
03/01/1972
 
TOP OF THE 1ST
UCLA Bruins batting - Pitching for Kansas State Wildcats : LHP Paul Richardson
Pitching: LHP Paul Richardson
Batting: RHB Marty Bradnock 0-0: Ball
1-0: Called Strike
1-1: Ball
2-1: Fly out, F9 (Flyball, 9LS)
Batting: RHB Jonathan Martz 0-0: Swinging Strike
0-1: Ball
1-1: Foul Ball, location: 2F
1-2: Ball
2-2: Fly out, F7 (Flyball, 7)
Batting: RHB Adam VandeHei 0-0: Ball
1-0: Ball
2-0: Ball
3-0: Called Strike
3-1: Base on Balls
Batting: RHB Bill Cuadra 0-0: Ball
1-0: Foul Ball, location: 2F
1-1: Called Strike
1-2: Ball
2-2: Ball
3-2: Foul Ball, location: 2F
3-2: Foul Ball, location: 2F
3-2: Base on Balls
Adam VandeHei to second
Batting: RHB Kevin Stewart 0-0: Ball
1-0: Fly out, F9 (Flyball, 9S)
Top of the 1st over - 0 runs, 0 hits, 0 errors, 2 left on base; UCLA 0 - Kansas State 0
BOTTOM OF THE 1ST
Kansas State Wildcats batting - Pitching for UCLA Bruins : RHP Andy Kratz
Pitching: RHP Andy Kratz
Batting: LHB Ben Krempasky 0-0: Foul Ball, location: 2F
0-1: Ball
1-1: Ball
2-1: Fly out, F3 (Line Drive, 3L)
Batting: RHB Steven Sanders 0-0: Foul Ball, location: 2F
0-1: Ball
1-1: SINGLE (Groundball, 6D)
Batting: SHB Brian Zito 0-0: Ball
Steven Sanders steals 2nd base
1-0: Ground out 4-3 (Groundball, 4)
Steven Sanders to third
Batting: LHB Glenn Edge 0-0: Called Strike
0-1: Ball
1-1: Ball
2-1: SINGLE (Flyball, 7LS)
Steven Sanders scores
Batting: RHB Tony Ramirez 0-0: Called Strike
0-1: Foul Ball, location: 2F
0-2: Foul Ball, location: 2F
0-2: Foul Ball, location: 2F
0-2: Ground out 5-3 (Groundball, 56S)
Bottom of the 1st over - 1 run, 2 hits, 0 errors, 1 left on base; UCLA 0 - Kansas State 1
TOP OF THE 2ND
UCLA Bruins batting - Pitching for Kansas State Wildcats : LHP Paul Richardson
Batting: RHB Sincere Roberson 0-0: Foul Ball, location: 2F
0-1: Ball
1-1: Ball
2-1: Foul Ball, location: 2F
2-2: Foul Ball, location: 2F
2-2: Ball
3-2: Strikes out swinging
Batting: LHB Brad Aley 0-0: Swinging Strike
0-1: Called Strike
0-2: Fly out, F8 (Flyball, 8LM)
Batting: RHB Nick Myers 0-0: Ball
1-0: Ball
2-0: Ball
3-0: Called Strike
3-1: SOLO HOME RUN (Flyball, 7LD), Distance : 366 ft
Batting: SHB Zach Rector 0-0: Fly out, F3 (Popup, 3S)
Top of the 2nd over - 1 run, 1 hit, 0 errors, 0 left on base; UCLA 1 - Kansas State 1
BOTTOM OF THE 2ND
Kansas State Wildcats batting - Pitching for UCLA Bruins : RHP Andy Kratz
Batting: LHB Justin Penn 0-0: Ball
1-0: Foul Ball, location: 2F
1-1: Foul Ball, location: 2F
1-2: Strikes out swinging
Batting: RHB Matt Glenn 0-0: Ball
1-0: Ball
2-0: Ball
3-0: Base on Balls
Batting: RHB Mark Sanchez 0-0: Ball
1-0: Swinging Strike
1-1: Fly out, F8 (Flyball, 8RM)
Batting: RHB Billy Colby 0-0: Ball
1-0: Ball
2-0: Foul Ball, location: 2F
2-1: Ball
3-1: Called Strike
3-2: Strikes out swinging
Bottom of the 2nd over - 0 runs, 0 hits, 0 errors, 1 left on base; UCLA 1 - Kansas State 1
TOP OF THE 3RD
UCLA Bruins batting - Pitching for Kansas State Wildcats : LHP Paul Richardson
Batting: RHB Marty Bradnock 0-0: Ball
1-0: Ball
2-0: Ball
3-0: Called Strike
3-1: Called Strike
3-2: SINGLE (Line Drive, 8LS)
Batting: RHB Jonathan Martz 0-0: Called Strike
0-1: Called Strike
0-2: Grounds into double play, 6-4-3 (Groundball, 56)
Batting: RHB Adam VandeHei 0-0: Ball
1-0: Foul Ball, location: 2F
1-1: Ground out 4-3 (Groundball, 4)
Top of the 3rd over - 0 runs, 1 hit, 0 errors, 0 left on base; UCLA 1 - Kansas State 1
BOTTOM OF THE 3RD
Kansas State Wildcats batting - Pitching for UCLA Bruins : RHP Andy Kratz
Batting: LHB Ben Krempasky 0-0: Ball
1-0: Ball
2-0: Ball
3-0: Base on Balls
Batting: RHB Steven Sanders 0-0: SINGLE (Line Drive, 7LM)
Ben Krempasky to second
Runner from 2nd tries for 3rd, SAFE, no throw
Batting: SHB Brian Zito 0-0: Ball
1-0: Foul Ball, location: 2F
1-1: Ball
2-1: SINGLE (Flyball, 8LS)
Ben Krempasky scores
Steven Sanders to second
Batting: LHB Glenn Edge 0-0: Called Strike
0-1: Ball
1-1: Swinging Strike
1-2: Ball
2-2: Fly out, F9 (Flyball, 9LD)
Runner from 2nd tags up, SAFE at 3rd, no throw
Batting: RHB Tony Ramirez 0-0: Grounds into double play, 4-6-3 (Groundball, 4)
Bottom of the 3rd over - 1 run, 2 hits, 0 errors, 1 left on base; UCLA 1 - Kansas State 2
TOP OF THE 4TH
UCLA Bruins batting - Pitching for Kansas State Wildcats : LHP Paul Richardson
Batting: RHB Bill Cuadra 0-0: Foul Ball, location: 2F
0-1: Ball
1-1: Ball
2-1: SINGLE (Groundball, P) (infield hit)
Batting: RHB Kevin Stewart 0-0: Ball
1-0: Ball
2-0: Called Strike
2-1: Foul Ball, location: 2F
2-2: Strikes out swinging
Batting: RHB Sincere Roberson 0-0: Called Strike
0-1: Ball
1-1: Foul Ball, location: 2F
1-2: Foul Ball, location: 2F
1-2: Grounds into double play, 6-4-3 (Groundball, 6)
Top of the 4th over - 0 runs, 1 hit, 0 errors, 0 left on base; UCLA 1 - Kansas State 2
BOTTOM OF THE 4TH
Kansas State Wildcats batting - Pitching for UCLA Bruins : RHP Andy Kratz
Batting: LHB Justin Penn 0-0: Ground out 4-3 (Groundball, 34)
Batting: RHB Matt Glenn 0-0: Called Strike
0-1: Ball
1-1: Ball
2-1: Swinging Strike
2-2: Foul Ball, location: 2F
2-2: Ball
3-2: Base on Balls
Batting: RHB Mark Sanchez 0-0: SINGLE (Line Drive, 34D)
Matt Glenn to second
Batting: RHB Billy Colby 0-0: Called Strike
0-1: Foul Ball, location: 2F
0-2: Strikes out swinging
Batting: LHB Ben Krempasky 0-0: Foul Ball, location: 2F
0-1: Ground out 4-3 (Groundball, 4)
Bottom of the 4th over - 0 runs, 1 hit, 0 errors, 2 left on base; UCLA 1 - Kansas State 2
TOP OF THE 5TH
UCLA Bruins batting - Pitching for Kansas State Wildcats : LHP Paul Richardson
Batting: LHB Brad Aley 0-0: Ball
1-0: Foul Ball, location: 2F
1-1: Ball
2-1: Called Strike
2-2: Foul Ball, location: 2F
2-2: Ball
3-2: Foul Ball, location: 2F
3-2: Strikes out swinging
Batting: RHB Nick Myers 0-0: Ball
1-0: SINGLE (Flyball, 7LM)
Batting: SHB Zach Rector 0-0: Ball
1-0: Ball
2-0: Swinging Strike
2-1: Reached on error, E4 (Groundball, 4)
Nick Myers to second
Batting: RHB Marty Bradnock 0-0: Called Strike
0-1: Foul Ball, location: 2F
0-2: Ball
1-2: Fielders Choice at 2nd, 3-6 (Groundball, 34)
Nick Myers to third
Batting: RHB Jonathan Martz 0-0: Foul Ball, location: 2F
0-1: Called Strike
0-2: Ball
1-2: Ball
2-2: Fielders Choice at 2nd, 6-4 (Groundball, 56)
Top of the 5th over - 0 runs, 1 hit, 1 error, 2 left on base; UCLA 1 - Kansas State 2
BOTTOM OF THE 5TH
Kansas State Wildcats batting - Pitching for UCLA Bruins : RHP Andy Kratz
Batting: RHB Steven Sanders 0-0: Ball
1-0: SINGLE (Groundball, 6) (infield hit)
Batting: SHB Brian Zito 0-0: Called Strike
0-1: 2-RUN HOME RUN (Flyball, 9LD), Distance : 351 ft
Batting: LHB Glenn Edge 0-0: Ball
1-0: SINGLE (Line Drive, 8LS)
Batting: RHB Tony Ramirez 0-0: Grounds into double play, 5-4-3 (Groundball, 5)
Batting: LHB Justin Penn 0-0: Ball
1-0: Ball
2-0: Ball
3-0: Called Strike
3-1: Fly out, F8 (Flyball, 89D)
Bottom of the 5th over - 2 runs, 3 hits, 0 errors, 0 left on base; UCLA 1 - Kansas State 4
TOP OF THE 6TH
UCLA Bruins batting - Pitching for Kansas State Wildcats : LHP Paul Richardson
Batting: RHB Adam VandeHei 0-0: Ball
1-0: SOLO HOME RUN (Flyball, 7D), Distance : 375 ft
Batting: RHB Bill Cuadra 0-0: Called Strike
0-1: Called Strike
0-2: Ball
1-2: SINGLE (Groundball, 6D)
Batting: RHB Kevin Stewart 0-0: Ball
1-0: Called Strike
1-1: SINGLE (Line Drive, 8LS)
Bill Cuadra to second
Batting: RHB Sincere Roberson 0-0: Ball
1-0: Sac Bunt - play at first, batter OUT! 1-3
Bill Cuadra to third
Kevin Stewart to second
Batting: LHB Brad Aley 0-0: Called Strike
0-1: Swinging Strike
0-2: Strikes out swinging
Batting: RHB Nick Myers 0-0: Ball
1-0: Called Strike
1-1: Called Strike
1-2: Ball
2-2: SINGLE (Flyball, 78S)
Bill Cuadra scores
Kevin Stewart to third
Runner from 3rd tries for Home, SAFE, no throw
Batting: SHB Zach Rector 0-0: Ball
1-0: Swinging Strike
1-1: Ball
2-1: Foul Ball, location: 2F
2-2: Ball
3-2: Strikes out swinging
Top of the 6th over - 3 runs, 4 hits, 0 errors, 1 left on base; UCLA 4 - Kansas State 4
BOTTOM OF THE 6TH
Kansas State Wildcats batting - Pitching for UCLA Bruins : RHP Andy Kratz
Batting: RHB Matt Glenn 0-0: Ball
1-0: Called Strike
1-1: Ball
2-1: Ground out 5-3 (Groundball, 2L)
Batting: RHB Mark Sanchez 0-0: Foul Ball, location: 2F
0-1: Ball
1-1: Ball
2-1: SINGLE (Groundball, 6MD)
Batting: RHB Billy Colby 0-0: Ball
1-0: Swinging Strike
1-1: SINGLE (Line Drive, 9S)
Mark Sanchez to second
Batting: LHB Ben Krempasky 0-0: Foul Ball, location: 2F
0-1: Ball
1-1: Swinging Strike
1-2: Fly out, F5 (Line Drive, 56S)
Batting: RHB Steven Sanders 0-0: Ball
1-0: Swinging Strike
1-1: Ball
2-1: Ball
3-1: Called Strike
3-2: Fly out, F8 (Flyball, 78D)
Bottom of the 6th over - 0 runs, 2 hits, 0 errors, 2 left on base; UCLA 4 - Kansas State 4
TOP OF THE 7TH
UCLA Bruins batting - Pitching for Kansas State Wildcats : LHP Paul Richardson
Batting: RHB Marty Bradnock 0-0: Ball
1-0: Foul Ball, location: 2F
1-1: Ball
2-1: Ground out 3-1 (Groundball, 34)
Batting: RHB Jonathan Martz 0-0: Ball
1-0: Swinging Strike
1-1: Ball
2-1: Foul Ball, location: 2F
2-2: Strikes out swinging
Pinch Hitting: RHB Jason Kelly 0-0: Ball
1-0: Foul Ball, location: 2F
1-1: Foul Ball, location: 2F
1-2: Ball
2-2: Fly out, F8 (Flyball, 8LM)
Top of the 7th over - 0 runs, 0 hits, 0 errors, 0 left on base; UCLA 4 - Kansas State 4
BOTTOM OF THE 7TH
Kansas State Wildcats batting - Pitching for UCLA Bruins : RHP Andy Kratz
Now at SS: Jason Kelly
Batting: SHB Brian Zito 0-0: Swinging Strike
0-1: Swinging Strike
0-2: Strikes out swinging
Batting: LHB Glenn Edge 0-0: Ball
1-0: Foul Ball, location: 2F
1-1: SINGLE (Line Drive, 89S)
Batting: RHB Tony Ramirez 0-0: Swinging Strike
0-1: Fly out, F3 (Popup, 3S)
Batting: LHB Justin Penn 0-0: Swinging Strike
0-1: Ball
1-1: Swinging Strike
1-2: Foul Ball, location: 2F
1-2: Fly out, F5 (Popup, 5)
Bottom of the 7th over - 0 runs, 1 hit, 0 errors, 1 left on base; UCLA 4 - Kansas State 4
TOP OF THE 8TH
UCLA Bruins batting - Pitching for Kansas State Wildcats : LHP Paul Richardson
Batting: RHB Bill Cuadra 0-0: Ball
1-0: Ball
2-0: SINGLE (Groundball, 6MD)
Pitching: LHP Brian Harvey
Batting: RHB Kevin Stewart 0-0: Ball
1-0: Called Strike
1-1: Called Strike
1-2: Strikes out swinging
Batting: RHB Sincere Roberson 0-0: Called Strike
0-1: Ball
1-1: Ball
2-1: Called Strike
2-2: Strikes out looking
Pinch Hitting: RHB Nick Reavis 0-0: Ball
1-0: Called Strike
1-1: Ball
2-1: Swinging Strike
2-2: Ball
3-2: Base on Balls
Bill Cuadra to second
Batting: RHB Nick Myers 0-0: Ball
1-0: Fielders Choice at 2nd, 6-4 (Groundball, 6)
Top of the 8th over - 0 runs, 1 hit, 0 errors, 2 left on base; UCLA 4 - Kansas State 4
BOTTOM OF THE 8TH
Kansas State Wildcats batting - Pitching for UCLA Bruins : RHP Andy Kratz
Now at 2B: Nick Reavis
Pinch Hitting: LHB John Hohenstein 0-0: Called Strike
0-1: Swinging Strike
0-2: Strikes out looking
Pinch Hitting: RHB Alonzo Valle 0-0: Ball
1-0: Foul Ball, location: 2F
1-1: Foul Ball, location: 2F
1-2: Strikes out swinging
Batting: RHB Billy Colby 0-0: Called Strike
0-1: Called Strike
0-2: Strikes out swinging
Bottom of the 8th over - 0 runs, 0 hits, 0 errors, 0 left on base; UCLA 4 - Kansas State 4
TOP OF THE 9TH
UCLA Bruins batting - Pitching for Kansas State Wildcats : LHP Brian Harvey
Now at 1B: Alonzo Valle
Now at 3B: Ralph Raynor
Batting: SHB Zach Rector 0-0: Ground out U3 (Groundball, 3L)
Batting: RHB Marty Bradnock 0-0: Called Strike
0-1: Foul Ball, location: 2F
0-2: Foul Ball, location: 2F
0-2: Ball
1-2: Ball
2-2: Ground out 4-3 (Groundball, 4)
Now at 2B: Mark Luken
Batting: RHB Jonathan Martz 0-0: Ball
1-0: Foul Ball, location: 2F
1-1: Called Strike
1-2: SINGLE (Line Drive, 89S)
Batting: RHB Jason Kelly 0-0: Called Strike
0-1: Swinging Strike
0-2: Ball
1-2: Foul Ball, location: 2F
1-2: Strikes out looking
Top of the 9th over - 0 runs, 1 hit, 0 errors, 1 left on base; UCLA 4 - Kansas State 4
BOTTOM OF THE 9TH
Kansas State Wildcats batting - Pitching for UCLA Bruins : RHP Andy Kratz
Batting: LHB Ben Krempasky 0-0: SINGLE (Groundball, 6D)
Pitching: LHP Jayden Jones
Batting: RHB Mark Luken 0-0: Ball
1-0: Bunted foul
1-1: Sac Bunt - play at first, batter OUT! 1-4
Ben Krempasky to second
Batting: SHB Brian Zito 0-0: Intentional Walk
Batting: LHB Glenn Edge 0-0: Ball
1-0: Called Strike
Ben Krempasky is caught stealing 3rd base
Brian Zito to second
1-1: Called Strike
1-2: Ground out 6-3 (Groundball, 6)
Bottom of the 9th over - 0 runs, 1 hit, 0 errors, 1 left on base; UCLA 4 - Kansas State 4
TOP OF THE 10TH
UCLA Bruins batting - Pitching for Kansas State Wildcats : LHP Brian Harvey
Pitching: RHP Tommy Fulton
Batting: RHB Bill Cuadra 0-0: Called Strike
0-1: Swinging Strike
0-2: Ball
1-2: Strikes out swinging
Batting: RHB Kevin Stewart 0-0: Ball
1-0: Called Strike
1-1: Ball
2-1: Ball
3-1: Foul Ball, location: 2F
3-2: Base on Balls
Batting: RHB Sincere Roberson 0-0: Called Strike
0-1: SINGLE (Groundball, 34D)
Kevin Stewart to second
Runner from 2nd tries for 3rd, SAFE, no throw
Batting: RHB Nick Reavis 0-0: Foul Ball, location: 2F
0-1: Ball
1-1: Ball
2-1: Fly out, F4 (Line Drive, 4)
Batting: RHB Nick Myers 0-0: Called Strike
0-1: SINGLE (Groundball, 56D)
Kevin Stewart scores
Sincere Roberson to second
Pinch Runner at 2nd Bobby Wilkey:
Batting: SHB Zach Rector 0-0: SINGLE (Groundball, 6D)
Bobby Wilkey to third
Nick Myers to second
Runner from 3rd tries for Home, SAFE, no throw
Batting: RHB Marty Bradnock 0-0: Ball
1-0: Ball
2-0: Swinging Strike
2-1: Ball
3-1: Base on Balls
Nick Myers to third
Zach Rector to second
Batting: RHB Jonathan Martz 0-0: Called Strike
0-1: Called Strike
0-2: Strikes out swinging
Top of the 10th over - 2 runs, 3 hits, 0 errors, 3 left on base; UCLA 6 - Kansas State 4
BOTTOM OF THE 10TH
Kansas State Wildcats batting - Pitching for UCLA Bruins : LHP Jayden Jones
Now at C: Danny Busto
Now at 2B: Tom Rojo
Now in LF: Bobby Wilkey
Batting: RHB Tony Ramirez 0-0: Ground out 1-3 (Groundball, 13)
Batting: LHB Justin Penn 0-0: Swinging Strike
0-1: Swinging Strike
0-2: Strikes out looking
Batting: RHB Ralph Raynor 0-0: Ball
1-0: Ground out 5-3 (Groundball, 56)
Bottom of the 10th over - 0 runs, 0 hits, 0 errors, 0 left on base; UCLA 6 - Kansas State 4
Tuesday, October 31st, 2017 - OOTP Baseball 18.8 Build 76